 Dungeon Crawl Stone Soup version 0.22.1-1-ga44c0e5 (webtiles) character file.

65 Iscandelvey the Magician (level 3, -1/26 HPs)
             Began as a Demigod Wizard on Oct 5, 2018.
             Slain by a goblin
             ... wielding a +0 club
             ... led by Robin
              (2 damage)
             ... on level 2 of the Dungeon.
             The game lasted 00:06:34 (1858 turns).

Iscandelvey the Magician (Demigod Wizard)           Turns: 1858, Time: 00:06:36

Health: -1/26      AC:  2    Str: 10    XL:     3   Next: 67%
Magic:  5/10       EV: 12    Int: 24    God:
Gold:   60         SH:  0    Dex: 14    Spells: 1/9 levels left

rFire    . . .     SeeInvis .   l - +0 dagger (holy)
rCold    . . .     Gourm    .   (no shield)
rNeg     . . .     Faith    .   a - +0 robe
rPois    .         Spirit   .   b - +0 hat
rElec    .         Reflect  .   (no cloak)
rCorr    .         Harm     .   (no gloves)
MR       .....                  (no boots)
Stlth    ++........             (no amulet)
HPRegen  0.08/turn              (no ring)
MPRegen  0.12/turn              (no ring)

@: very slightly contaminated
A: high mp 1
a: no special abilities


You were on level 2 of the Dungeon.
You were not hungry.

You visited 1 branch of the dungeon, and saw 2 of its levels.

You collected 60 gold pieces.

Inventory:

Hand Weapons
 h - a +0 hunting sling
 i - a +0 dagger
 l - a +0 dagger of holy wrath (weapon)
Missiles
 j - 17 stones (quivered)
Armour
 a - a +0 robe (worn)
 b - a +0 hat (worn)
Scrolls
 c - a scroll of enchant armour {unknown}
 e - 3 scrolls of identify {unknown}
 k - a scroll of fog {unknown}
Potions
 f - a potion of cancellation {unknown}
 g - a potion of lignification {unknown}
 m - 2 potions of heal wounds {unknown}
Comestibles
 d - 2 rations
 n - 6 chunks of flesh


   Skills:
 - Level 0.6 Slings
 + Level 2.1 Dodging
 + Level 1.8 Stealth
 - Level 0.2 Unarmed Combat
 * Level 3.5 Spellcasting
 * Level 1.6 Conjurations
 + Level 0.8 Summonings
 + Level 0.8 Translocations


You had one spell level left.
You knew the following spells:

 Your Spells              Type           Power        Failure   Level  Hunger
a - Magic Dart            Conj           ##..         5%          1    None
b - Blink                 Tloc           N/A          11%         2    #......
c - Call Imp              Summ           #.......     11%         2    #......
d - Conjure Flame         Conj/Fire      #.......     22%         3    ###....

Your spell library contained the following spells:

 Spells                   Type           Power        Failure   Level  Hunger
 Slow                     Hex            #.......     16%         2    #......
 Mephitic Cloud           Conj/Pois/Air  #.......     24%         3    ###....


Dungeon Overview and Level Annotations

Branches:
Dungeon (2/15)

Annotations:
D:2 Robin


Innate Abilities, Weirdness & Mutations

You have an increased reservoir of magic. (+10% MP)


Message History

Casting: Magic Dart (safe; 5% risk of failure)
Confirm with . or Enter, or press ? or * to list all spells.
Aiming: Conjure Flame (safe; 22% risk of failure)
Press: ? - help, Dir - move target cursor The fire ignites!
Robin throws the goblin at you! The goblin hits you.
The goblin completely misses you.
You hit the goblin.
The goblin is severely wounded.
Robin throws the goblin at you! The goblin hits you.
The goblin hits you with a club. The goblin hits you with a club!
* * * LOW HITPOINT WARNING * * *
You are too injured to fight recklessly!
You are too injured to fight recklessly!
Casting: Conjure Flame (safe; 22% risk of failure)
Confirm with . or Enter, or press ? or * to list all spells.
You miscast Blink.
You are very lightly contaminated with residual magic.
You feel uncomfortable. The goblin closely misses you.
The goblin hits you with a club.
You die...

###.#####.#.#.#.#....#
#.#####.#.#...####.#
#.....).#.###.####.#
#######...#...##...#
#.###.####.###
#.#........#
#.#...######
#.##..#g.#.#
#......g@§g#
#.####.#g#.# ###
#...#.# #####g####
#.g..# ######.#.#
#....._..# #.####.###
#.....g#


You could see Robin and 3 goblins.

Vanquished Creatures
  2 adders (D:2)
  A dart slug (D:1)
  4 bats
  A giant cockroach (D:1)
  7 goblins
  6 hobgoblins
  8 jackals (D:1)
  6 kobolds
  3 frilled lizards (D:1)
  5 rats
43 creatures vanquished.

Notes
Turn   | Place    | Note
-------+----------+-------------------------------------------
     0 | D:1      | Iscandelvey the Demigod Wizard began the quest for the Orb.
     0 | D:1      | Reached XP level 1. HP: 14/14 MP: 6/6
    73 | D:1      | Reached skill level 3 in Spellcasting
   302 | D:1      | Reached XP level 2. HP: 13/20 MP: 5/8
   787 | D:1      | Learned a level 2 spell: Blink
   790 | D:1      | Learned a level 2 spell: Call Imp
   805 | D:1      | Reached skill level 1 in Conjurations
  1226 | D:1      | Reached XP level 3. HP: 24/26 MP: 0/10
  1591 | D:2      | Learned a level 3 spell: Conjure Flame
  1725 | D:2      | Found a hide-covered altar of Uskayaw.
  1742 | D:2      | Noticed Robin
  1857 | D:2      | HP: 1/26 [goblin/club[Robin] (9)]
  1858 | D:2      | Slain by a goblin

Skill      XL: |  1  2  3 |
---------------+----------+-----
Spellcasting   | 3 |  3.5
Conjurations   | 1 |  1.6
Dodging        | 2 |  2.1
Slings         | |  0.6
Stealth        | |  1.8
Unarmed Combat | |  0.2
Summonings     | |  0.8
Translocations | |  0.8

Action                   || total
-------------------------++-------
Melee: Unarmed           ||     4
       Dagger            ||    54
 Fire: Hunting sling     ||    61
 Cast: Magic Dart        ||    55
       Conjure Flame     ||     1
 Stab: Sleeping          ||     2
  Eat: Chunk             ||     3
Armor: Robe              ||    22
Dodge: Dodged            ||    86
